 Dungeon Crawl Stone Soup version 0.28.0-53-g5a82cb258f (webtiles) character file.

Game seed: 7899373476411136294

275 MiltankisOP the Skirmisher (level 6, -1/47 HPs)
             Began as an Octopode Monk on July 14, 2022.
             Killed by nerve-wracking pain
             ... invoked by Grinder
              (11 damage)
             ... on level 4 of the Dungeon.
             The game lasted 00:03:01 (3131 turns).

MiltankisOP the Skirmisher (Octopode Monk)          Turns: 3131, Time: 00:03:02

Health: -1/47      AC:  1    Str: 11    XL:     6   Next: 24%
Magic:  6/6        EV: 14    Int: 12    God:
Gold:   193        SH:  0    Dex: 16    Spells: 5/5 levels left

rFire   . . .      SeeInvis .     - Unarmed
rCold   . . .      Faith    .   (no shield)
rNeg    . . .      Spirit   .   (helmet restricted)
rPois   .          Reflect  .   (no amulet)
rElec   .          Harm     .   (no ring)
rCorr   .          Rampage  .   (no ring)
Will    .....                   (no ring)
Stlth   +++.......              (no ring)
HPRegen 0.15/turn               (no ring)
MPRegen 0.10/turn               (no ring)
                                (no ring)
                                (no ring)

@: no status effects
A: almost no armour, amphibious, 8 rings, camouflage 1, gelatinous body 1,
(nimble swimmer 1), tentacles
a: no special abilities


You were on level 4 of the Dungeon.
You visited 1 branch of the dungeon, and saw 4 of its levels.

You collected 193 gold pieces.

Inventory:

Missiles
 i - a throwing net (quivered)
Scrolls
 a - 2 scrolls of amnesia {unknown}
 c - a scroll of teleportation {unknown}
 f - a scroll of identify {unknown}
 g - a scroll of noise {unknown}
 j - a scroll of blinking {unknown}
Potions
 b - 2 potions of ambrosia {unknown}
 d - a potion of heal wounds {unknown}
 e - a potion of haste {unknown}
 h - a potion of flight {unknown}


   Skills:
 + Level 6.8 Fighting
 - Level 3.0 Dodging
 - Level 2.6 Stealth
 - Level 3.0 Unarmed Combat


You had 5 spell levels left.
You didn't know any spells.
Your spell library contained the following spells:

 Spells                   Type           Power      Damage    Failure   Level
 Summon Small Mammal      Summ           0%         N/A       32%         1
 Call Canine Familiar     Summ           0%         N/A       69%         3
 Summon Guardian Golem    Hex/Summ       0%         N/A       69%         3
 Iskenderun's Mystic Bla  Conj/Tloc      0%         2d3       97%         4
 Passage of Golubria      Tloc           0%         N/A       97%         4
 Malign Gateway           Summ/Tloc      0%         N/A       100%        7


Dungeon Overview and Level Annotations

Branches:
Dungeon (4/15)
 Temple: D:4-7

Altars:

Shops:
D:4 (

Annotations:
D:4 Grinder


Innate Abilities, Weirdness & Mutations

You cannot wear most types of armour.
You are amphibious.
You can wear up to eight rings at the same time.
Your skin changes colour to match your surroundings (Stealth+).
Your rubbery body absorbs attacks. (AC +1, EV +1)
((You are camouflaged when in or above water. (Stealth+)))
You have tentacles for arms and can constrict up to eight enemies at once.


Message History

No target in view!
Grinder comes into view.
Grinder is nearby!
Grinder shouts!
You tentacle-slap Grinder. Your grab misses Grinder.
Grinder is lightly wounded.
Grinder gestures at you. You resist with significant effort.
You barely miss Grinder. Your grab misses Grinder. You tentacle-slap Grinder.
Your squeeze misses Grinder.
Grinder is lightly wounded.
Grinder blinks!
You tentacle-slap Grinder. You grab Grinder.
Grinder is lightly wounded.
You constrict Grinder. Grinder hits you!
You writhe in agony.
You tentacle-slap Grinder. You squeeze Grinder.
Grinder is heavily wounded.
You constrict Grinder. Grinder gestures at you.
You resist with significant effort.
You tentacle-slap Grinder. You squeeze Grinder, but do no damage.
Grinder is heavily wounded.
You constrict Grinder. Grinder gestures at you.
You resist with significant effort.
You tentacle-slap Grinder.
Grinder is heavily wounded.
You constrict Grinder. Grinder hits you!
* * * LOW HITPOINT WARNING * * *
You writhe in agony.
* * * LOW HITPOINT WARNING * * *
You tentacle-slap Grinder but do no damage.
Grinder is severely wounded.
You constrict Grinder. Grinder closely misses you.
You tentacle-slap Grinder.
Grinder is severely wounded.
You constrict Grinder. Grinder gestures at you. Pain shoots through your body!
You die...

#####
#...############...
#>.....#...........
#.#.##.............
#.#.##....#######..
#.#.#.@..## o$#
#.#.#5#..# ..#
#.#.#.#).# ...#
#.#......# #.#
#.#.##...# .#
#.#.##...# ## #.#
#...# .# #.# #...#
.# #######.# #...#


You could see Grinder.

Vanquished Creatures
  A necrophage (D:4)
  A scorpion (D:4)
  6 gnolls
  2 adders (D:3)
  2 dart slugs
  3 orcs
  3 ball pythons
  7 bats
  An endoplasm (D:1)
  2 giant cockroaches
  4 goblins
  4 hobgoblins
  2 jackals (D:4)
  2 frilled lizards (D:1)
  4 kobolds
  4 rats
48 creatures vanquished.

Notes
Turn   | Place    | Note
-------+----------+-------------------------------------------
     0 | D:1      | MiltankisOP the Octopode Monk began the quest for the Orb.
     0 | D:1      | Reached XP level 1. HP: 16/16 MP: 1/1
   246 | D:1      | Reached XP level 2. HP: 21/21 MP: 2/2
   959 | D:2      | Reached skill level 4 in Fighting
  1176 | D:2      | Reached XP level 3. HP: 27/27 MP: 3/3
  1397 | D:3      | Got the Volume of the Compass
  1793 | D:3      | Found a faded altar of an unknown god.
  2063 | D:3      | Reached XP level 4. HP: 25/34 MP: 4/4
  2218 | D:4      | Found Xyovoiq's Weapon Boutique.
  2239 | D:4      | Noticed a necrophage
  2248 | D:4      | Reached skill level 5 in Fighting
  2296 | D:4      | Killed a necrophage
  2297 | D:4      | Reached XP level 5. HP: 14/41 MP: 5/5
  2574 | D:4      | Reached skill level 6 in Fighting
  3055 | D:4      | Reached XP level 6. HP: 26/47 MP: 6/6
  3122 | D:4      | Noticed Grinder
  3131 | D:4      | Killed from afar by Grinder

Illustrated notes

Levels and vault maps discovered:
D:1:      zelgadis_glass_arrival_small, layout_loops_ring, st_stairs_13
D:2:      layout_basic, minmay_hedge_maze, corexii_leaking_fountain
D:3:      minmay_general_purpose_star, layout_loops_cross,
          chequers_ecumenical_altar_twisty
D:4:      cheibrodos_pilgrimage, layout_basic, serial_shops, shop,
          nicolae_inconvenience_store, shop, uniq_grinder

Skill      XL: |  1  2  3  4  5 |
---------------+----------------+-----
Fighting       | 4 5 6 |  6.8
Dodging        | |  3.0
Stealth        | |  2.6
Unarmed Combat | |  3.0

Action                   |  1- 3 |  4- 6 || total
-------------------------+-------+-------++-------
Melee: Unarmed           |    61 |    52 ||   113
       Constrict         |    17 |    14 ||    31
       Tentacles         |    12 |    11 ||    23
       Punch             |     5 |     2 ||     7
 Stab: Sleeping          |    18 |       ||    18
Armor: Skin              |     2 |       ||     2
Dodge: Dodged            |    26 |    36 ||    62
